 Dungeon Crawl Stone Soup version 0.29.1-2-gbd0b4ee654 (webtiles) character file.

Game seed: 10952993949011946417

184 Lutefisk the Gusty (level 5, -1/33 HPs)
             Began as a Tengu Air Elementalist on Nov 22, 2022.
             Slain by a bullfrog (2 damage)
             ... on level 4 of the Dungeon.
             The game lasted 00:13:37 (1727 turns).

Lutefisk the Gusty (Tengu Air Elementalist)         Turns: 1727, Time: 00:13:38

Health: -1/33      AC:  3    Str:  8    XL:     5   Next: 63%
Magic:  6/9        EV: 14    Int: 17    God:
Gold:   179        SH:  0    Dex: 15    Spells: 2/8 levels left

rFire   . . .      SeeInvis .   i - +3 dagger (venom)
rCold   + . .      Faith    .   (no shield)
rNeg    . . .      Spirit   .   q - +0 leather armour
rPois   .          Reflect  .   (helmet restricted)
rElec   .          Harm     .   (no cloak)
rCorr   .          Rampage  .   (no gloves)
Will    .....                   (boots unavailable)
Stlth   ++........              (no amulet)
HPRegen 0.11/turn               g - ring of wizardry
MPRegen 0.11/turn               u - ring of protection from cold

@: swift, flying quickly and evasively, very quick
A: beak, talons 3, nimble flight
a: no special abilities


You were on level 4 of the Dungeon.
You visited 1 branch of the dungeon, and saw 5 of its levels.

You collected 179 gold pieces.

Inventory:

Hand Weapons
 i - a +3 dagger of venom (weapon)
Missiles
 h - 4 poisoned darts
Armour
 q - a +0 leather armour (worn)
Jewellery
 g - a ring of wizardry (left hand)
 u - a ring of protection from cold (right hand)
Wands
 r - a wand of charming (3)
Scrolls
 d - a scroll of enchant armour {unknown}
 e - a scroll of amnesia {unknown}
 f - 2 scrolls of butterflies {unknown}
 j - a scroll of poison {unknown}
 k - a scroll of torment {unknown}
 l - a scroll of magic mapping {unknown}
 m - 2 scrolls of identify {unknown}
 n - a scroll of summoning {unknown}
 p - a scroll of enchant weapon {unknown}
 t - a scroll of immolation {unknown}
 v - a scroll of blinking {unknown}
 w - 2 scrolls of noise {unknown}
Potions
 a - a potion of haste {unknown}
 b - 2 potions of magic
 c - a potion of degeneration {unknown}
 o - a potion of mutation {unknown}
 s - a potion of might {unknown}
 x - a potion of berserk rage {unknown}


   Skills:
 * Level 3.7 Fighting
 * Level 0.1 Armour
 - Level 2.1 Dodging
 - Level 2.0 Stealth
 - Level 2.0 Spellcasting
 - Level 2.0 Conjurations
 - Level 6.0 Air Magic


You had 2 spell levels left.
You knew the following spells:

 Your Spells              Type           Power      Damage    Failure   Level
a - Shock                 Conj/Air       60%        1d6       2%          1
b - Static Discharge      Conj/Air       15%        3-5/arc   3%          2
c - Swiftness             Air            22%        N/A       2%          3

Your spell library contained the following spells:

 Spells                   Type           Power      Damage    Failure   Level
 Summon Small Mammal      Summ           4%         N/A       12%         1
 Airstrike                Air            11%        2d(2-18)  10%         4
 Call Canine Familiar     Summ           1%         N/A       32%         3
 Summon Guardian Golem    Hex/Summ       1%         N/A       32%         3


Dungeon Overview and Level Annotations

Branches:
Dungeon (5/15)             Temple (0/1) D:4

Altars:


Innate Abilities, Weirdness & Mutations

You have a beak for a mouth.
You have claws for feet.
Your magical nature lets you fly swiftly and evasively.


Message History

w - 2 scrolls labelled SIRODA EVUJ
Found a staircase to the Ecumenical Temple.
Found a metallic red potion.
You now have 179 gold pieces (gained 12).
An ufetubus comes into view.
The ufetubus shouts!
You hear an angry hiss.
A giant cockroach comes into view.
Found a scroll labelled KEIP TIFICOAW.
x - a metallic red potion You hit the ufetubus.
The ufetubus is poisoned.
The ufetubus is lightly wounded.
The ufetubus hits you. x3; The ufetubus barely misses you.
Casting: Shock (safe; 2% risk of failure)
Confirm with . or Enter, or press ? or * to list all spells.
Aiming: Shock (safe; 2% risk of failure)
Press: ? - help, Shift-Dir - straight line The zap hits the ufetubus.
You kill the ufetubus!
The bullfrog gives a loud, deep croak!
A scorpion comes into view.
The bullfrog hits you! The bullfrog hits you.
Casting: Shock (safe; 2% risk of failure)
Confirm with . or Enter, or press ? or * to list all spells.
You feel quick. The bullfrog closely misses you.
The bullfrog attacks as you move away! The bullfrog hits you.
* * * LOW HITPOINT WARNING * * *
The adder hisses angrily.
The giant cockroach barely misses you. The bullfrog attacks as you move away!
The bullfrog completely misses you. The bullfrog attacks as you move away!
The bullfrog hits you but does no damage.
The bullfrog attacks as you move away! The bullfrog closely misses you.
The bullfrog attacks as you move away! The bullfrog misses you.
The bullfrog attacks as you move away! The bullfrog hits you.
* * * LOW HITPOINT WARNING * * *
Aiming: Charm
Press: ? - help, Shift-Dir - straight line, f - bullfrog
Aim: a bullfrog (chance to affect: 49%)
The bullfrog resists with some effort.
The bullfrog hits you.
You die...

#...........#...#
#.#.#.##.#?....##.#
..#.#....#.##.# #.#
..............# #.#
..####.##.##### #.#
..# #....s..# #.# ..#
#.......# #.# ..#
#......B####.## .##
#.........F@.<# ##
#.......####..#####[.#
#....................#
#.......##############
#######.#
############.#
.............#
##############


You could see a bullfrog and a giant cockroach.

Vanquished Creatures
  2 orc priests (D:3)
  A gnoll (D:1)
  3 adders (D:3)
  An ufetubus (D:4)
  4 dart slugs
  8 orcs (D:3)
  5 endoplasms
  3 giant cockroaches (D:1)
  7 goblins
  4 hobgoblins
  3 jackals (D:2)
  4 quokkas
  4 ball pythons
  7 bats
  2 frilled lizards
  2 kobolds
  9 rats
69 creatures vanquished.

Notes
Turn   | Place    | Note
-------+----------+-------------------------------------------
     0 | D:1      | Lutefisk the Tengu Air Elementalist began the quest for the
                  | Orb.
     0 | D:1      | Reached XP level 1. HP: 10/10 MP: 4/4
    58 | D:1      | Reached skill level 1 in Fighting
   139 | D:1      | Reached XP level 2. HP: 16/16 MP: 3/6
   336 | D:1      | Reached XP level 3. HP: 20/22 MP: 3/7
   547 | D:2      | Learned a level 2 spell: Static Discharge
   551 | D:2      | Learned a level 3 spell: Swiftness
   876 | D:2      | Found a faded altar of an unknown god.
   945 | D:2      | Reached XP level 4. HP: 28/28 MP: 8/8
  1152 | D:3      | Reached skill level 5 in Air Magic
  1226 | D:3      | Gained mutation: Your magical nature lets you fly swiftly
                  | and evasively. [Tengu growth]
  1226 | D:3      | Reached XP level 5. HP: 20/32 MP: 9/9
  1313 | D:3      | Reached skill level 6 in Air Magic
  1676 | D:5      | Entered Level 5 of the Dungeon
  1676 | D:5      | Noticed an ice beast
  1699 | D:4      | Found a staircase to the Ecumenical Temple.
  1726 | D:4      | HP: 1/33 [bullfrog (5)]
  1727 | D:4      | Slain by a bullfrog

Illustrated notes

Levels and vault maps discovered:
D:1:      dpeg_arrival_rooms_b, layout_loops_cross, st_stairs_11,
          minmay_octomino_c4
D:2:      layout_basic, basic_altar, basic_ecumenical_altar
D:3:      layout_basic, minmay_misc_feat_nine_boxes, kennysheep_generic_room_4
D:4:      kennysheep_slugbush, layout_loops_ring,
          mainiacjoe_overflow_tiny_flanked, minmay_temple_entry_ruins,
          minmay_misc_feat_chi
D:5:      layout_cave_pools, minitemple, nicolae_shop_unique_rings,
          kennysheep_generic_room_13

Skill      XL: |  1  2  3  4  5 |
---------------+----------------+-----
Fighting       | 1 2 3 |  3.7
Conjurations   | 2 |  2.0
Air Magic      | 5 6 |  6.0
Armour         | |  0.1
Dodging        | |  2.1
Stealth        | |  2.0
Spellcasting   | |  2.0

Action                   |  1- 3 |  4- 6 || total
-------------------------+-------+-------++-------
Melee: Unarmed           |     4 |       ||     4
       Kick              |     9 |     7 ||    16
       Club              |     5 |       ||     5
       Dagger            |    26 |    31 ||    57
       Peck              |     5 |     4 ||     9
 Cast: Shock             |    41 |    35 ||    76
       Swiftness         |       |     1 ||     1
Evoke: Wand              |       |     1 ||     1
 Stab: Sleeping          |     1 |     3 ||     4
Armor: Robe              |     8 |     1 ||     9
       Leather armour    |       |     3 ||     3
Dodge: Dodged            |    25 |    19 ||    44
